 Dungeon Crawl Stone Soup version 0.21-a0-474-g05767a10c8 (webtiles) character file.

50 GordonOverkill the Charlatan (level 3, -2/27 HPs)
             Began as a Mummy Artificer on Nov 22, 2017.
             Killed by divine providence
             ... invoked by an orc priest
              (11 damage)
             ... on level 3 of the Dungeon.
             The game lasted 00:04:27 (2767 turns).

GordonOverkill the Charlatan (Mummy Artificer)      Turns: 2767, Time: 00:04:28

Health: -2/27      AC:  5    Str: 16    XL:     3   Next: 55%
Magic:  5/5        EV: 11    Int: 10    God:
Gold:   108        SH:  0    Dex: 12    Spells: 2/2 levels left

rFire    x . .     SeeInvis .   f - +0 hand axe
rCold    + . .     Gourm    .   (no shield)
rNeg     + + +     Faith    .   i - +0 ring mail
rPois    ∞         Spirit   .   (no helmet)
rElec    .         Reflect  .   (no cloak)
rCorr    .         Harm     .   (no gloves)
MR       .....                  (no boots)
Stlth    +.........             (no amulet)
HPRegen  0.09/turn              (no ring)
MPRegen  0.09/turn              (no ring)

@: no status effects
A: no food or potions, fire vulnerability, cold resistance 1, negative energy
resistance 3, torment resistance, unbreathing
a: no special abilities


You were on level 3 of the Dungeon.
You were not hungry.

You visited 1 branch of the dungeon, and saw 3 of its levels.

You collected 108 gold pieces.

Inventory:

Hand Weapons
 a - a +0 short sword
 f - a +0 hand axe (weapon)
Armour
 i - a +0 ring mail (worn)
Wands
 c - a wand of flame (14)
 d - a wand of enslavement (13)
 e - a wand of random effects (14)
Scrolls
 b - 2 scrolls of fear
 g - 5 scrolls of identify
 h - a scroll of teleportation
 j - a scroll of magic mapping {unknown}


   Skills:
 + Level 2.2 Fighting
 - Level 0.7 Short Blades
 + Level 0.5 Axes
 - Level 2.0 Dodging
 - Level 0.7 Stealth
 - Level 3.0 Evocations


You had 2 spell levels left.
You didn't know any spells.

Dungeon Overview and Level Annotations

Branches:
Dungeon (3/15)

Altars:

Annotations:
D:3 Grinder


Innate Abilities, Weirdness & Mutations

You do not eat or drink.
Your flesh is vulnerable to fire.
You are immune to poison.
Your flesh is cold resistant. (rC+)
You are immune to negative energy. (rN+++)
You are immune to unholy pain and torment.
You can survive without breathing.


Message History

Things that are here:
an uncursed blowgun; 8 poisoned needles; a kobold corpse
Found a stone staircase leading up.
You now have 108 gold pieces (gained 11).
An orc comes into view. It is wielding a flail.
The orc shouts!
An orc comes into view. It is wielding a club.
An orc priest comes into view. It is wielding a mace.
The orc shouts!
The orc priest shouts!
You hear a shout! x2
The orc priest mumbles some strange prayers to Beogh against you.
Beogh smites you!
Found 2 fruits.
A goblin, an orc and Grinder come into view.
The orc is wielding a dagger of draining.
You hit the orc but do no damage. x2; The orc hits you with a flail.
Grinder says, "Wait up."
The orc hits you with a club.
The orc priest calls down the wrath of Beogh upon you.
Beogh smites you!
You die...

.... ... ... .. #..
...#.g# ...o..5##
......oo## #@.#
##.## . # #..# ..#.
##.## ....###.<##
.........##..#
#...##.#.....###..
#....#.#............
#....#.#............


You could see Grinder, an orc priest, 2 orcs and a goblin.

Vanquished Creatures
  A worm (D:2)
  A dart slug (D:2)
  5 giant cockroaches
  8 goblins
  3 hobgoblins
  4 jackals (D:1)
  A bat (D:3)
  3 frilled lizards
  8 kobolds
  7 rats
41 creatures vanquished.

Vanquished Creatures (others)
  A kobold (D:1)
1 creature vanquished.

Grand Total: 42 creatures vanquished

Notes
Turn   | Place    | Note
-------+----------+-------------------------------------------
     0 | D:1      | GordonOverkill the Mummy Artificer began the quest for the Orb.
     0 | D:1      | Reached XP level 1. HP: 15/15 MP: 2/2
   606 | D:1      | Reached XP level 2. HP: 21/21 MP: 3/3
  1454 | D:1      | You fall through a shaft!
  1820 | D:2      | Reached XP level 3. HP: 26/27 MP: 5/5
  2255 | D:2      | Reached skill level 3 in Evocations
  2766 | D:3      | Noticed Grinder
  2767 | D:3      | Killed from afar by an orc priest

Vault maps used:
D:1:      minmay_arrival_five_plusses
D:3:      st_stairs_11, uniq_jessica, uniq_grinder, uniq_sigmund

Skill      XL: |  1  2  3 |
---------------+----------+-----
Dodging        | 2 |  2.0
Fighting       | 2 |  2.2
Evocations     | 3 |  3.0
Short Blades   | |  0.7
Axes           | |  0.5
Stealth        | |  0.7

Action                   || total
-------------------------++-------
Melee: Short sword       ||   132
       Hand axe          ||    73
Evoke: Wand              ||     4
  Use: Scroll            ||     5
Armor: Leather armour    ||    11
       Ring mail         ||    49
Dodge: Dodged            ||   124

Table legend:
 A = Spawn XP
 B = Non-spawn XP
 C = Spawn XP percentage of total XP
 D = Spawn monster count
 E = Non-spawn monster count
 F = Spawn count percentage of total count
 G = Total turns spent on level
                    A         B        C        D         E        F      G
               +---------+---------+-------+---------+---------+-------+---------
         Total |       0 |      72 |   0.0 |       0 |      42 |   0.0 |  2767
               +---------+---------+-------+---------+---------+-------+---------
           D:1 |       0 |      40 |   0.0 |       0 |      26 |   0.0 |  1794
           D:2 |       0 |      25 |   0.0 |       0 |      12 |   0.0 |   906
           D:3 |       0 |       7 |   0.0 |       0 |       4 |   0.0 |    67
               +---------+---------+-------+---------+---------+-------+---------
